[ PARTIDA AOE2 · #484281742 ]
UnrankedIncas vs Jurchens
[ ANÁLISIS DE REPETICIÓN · EXTRAÍDO DE LA PARTIDA GRABADA ]
Feudal
11:01
Castillos
14:31
Imperial
30:32
| APM promedio | 62.7 |
| APM pico | 136 |
| eAPM promedio | 27.6 |
| Aldeanos / militares | 130 / 133 |
Foco
⚔️ 32.7% · 🌾 67.3%
Petard ×100 · Mangonel ×30 · Kamayuk ×2 · Spearman ×1
Feudal
11:05
Castillos
15:00
Imperial
—
| APM promedio | 31.9 |
| APM pico | 60 |
| eAPM promedio | 22.1 |
| Aldeanos / militares | 154 / 77 |
Foco
⚔️ 43.6% · 🌾 56.4%
Fire Lancer ×56 · Battering Ram ×13 · Iron Pagoda ×4 · Steppe Lancer ×4
Feudal
—
Castillos
—
Imperial
—
| APM promedio | 38.7 |
| APM pico | 108 |
| eAPM promedio | 23.2 |
| Aldeanos / militares | 220 / 130 |
Foco
⚔️ 24.3% · 🌾 75.7%
Spearman ×102 · War Elephant ×27 · Mangonel ×1
Feudal
11:00
Castillos
14:34
Imperial
29:38
| APM promedio | 81.8 |
| APM pico | 117 |
| eAPM promedio | 42.3 |
| Aldeanos / militares | 172 / 201 |
Foco
⚔️ 59.7% · 🌾 40.3%
Leitis ×172 · Monk ×12 · Knight ×9 · Scout Cavalry ×5 · Trebuchet (Packed) ×2 · Spearman ×1
Feudal
8:57
Castillos
14:56
Imperial
36:05
| APM promedio | 27.2 |
| APM pico | 59 |
| eAPM promedio | 14.0 |
| Aldeanos / militares | 120 / 80 |
Foco
⚔️ 29.1% · 🌾 70.9%
Samurai ×63 · Battering Ram ×10 · Trebuchet (Packed) ×4 · Petard ×2 · Archer ×1
Feudal
10:35
Castillos
15:03
Imperial
42:56
| APM promedio | 37.8 |
| APM pico | 74 |
| eAPM promedio | 25.5 |
| Aldeanos / militares | 170 / 19 |
Foco
⚔️ 12.4% · 🌾 87.6%
Spearman ×10 · Monk ×8 · Petard ×1
Feudal
11:21
Castillos
14:26
Imperial
29:53
| APM promedio | 29.3 |
| APM pico | 68 |
| eAPM promedio | 16.3 |
| Aldeanos / militares | 133 / 236 |
Foco
⚔️ 24.0% · 🌾 76.0%
Scorpion ×135 · Spearman ×101
Feudal
11:15
Castillos
14:26
Imperial
29:46
| APM promedio | 19.6 |
| APM pico | 39 |
| eAPM promedio | 14.2 |
| Aldeanos / militares | 181 / 58 |
Foco
⚔️ 22.6% · 🌾 77.4%
War Elephant ×58
Mapa de la partida
Recursos iniciales + cada clic de construcción. Líneas = muros · curvas = relieve. ◆ oro · ⬟ piedra · ● bayas · ✦ reliquia · ◌ hueco del cierre
Tu base· ✓ Cerrada en 14:31 · 0t muro · 2 puerta(s)
Base de 岸边露伴· ✓ Cerrada en 15:00 · 0t muro · 3 puerta(s)
Base de Dr Janemba· ✓ Cerrada en 13:12 · 0t muro · 2 puerta(s)
Base de 185 godfish· ✓ Cerrada en 14:34 · 0t muro · 2 puerta(s)
Base de Neinkaiser· ✓ Cerrada en 14:56 · 0t muro · 2 puerta(s)
Base de 执者如旗· ✓ Cerrada en 15:03 · 0t muro · 3 puerta(s)
Base de ikaradayi976· ✓ Cerrada en 14:26 · 4t muro · 2 puerta(s)
Base de 83716497273· ✓ Cerrada en 14:26 · 0t muro · 2 puerta(s)
Terreno inicial suavizado · ◌ = hueco del cierre detectado · pasá el cursor para detalles
Inputs por minuto
— yesila - - 岸边露伴
Build order — yesila
Primeras 150 de 408 acciones detectadas
| 0:00 | Crear | Villager (Male) |
| 0:01 | Crear | Villager (Male) |
| 0:01 | Crear | Villager (Male) |
| 0:02 | Construir | House |
| 0:07 | Crear | Villager (Male) |
| 1:15 | Crear | Villager (Male) |
| 1:57 | Crear | Villager (Male) |
| 1:58 | Crear | Villager (Male) |
| 2:33 | Construir | Settlement |
| 2:40 | Crear | Villager (Male) |
| 2:40 | Crear | Villager (Male) |
| 2:54 | Crear | Villager (Male) |
| 2:54 | Crear | Villager (Male) |
| 3:34 | Crear | Villager (Male) |
| 3:34 | Crear | Villager (Male) |
| 3:58 | Crear | Villager (Male) |
| 3:59 | Crear | Villager (Male) |
| 3:59 | Crear | Villager (Male) |
| 3:59 | Crear | Villager (Male) |
| 4:16 | Construir | Settlement |
| 4:24 | Crear | Villager (Male) |
| 4:37 | Crear | Villager (Male) |
| 4:42 | Construir | Farm |
| 5:14 | Crear | Villager (Male) |
| 5:20 | Construir | Farm |
| 5:30 | Crear | Villager (Male) |
| 5:30 | Crear | Villager (Male) |
| 5:30 | Crear | Villager (Male) |
| 6:00 | Crear | Villager (Male) |
| 6:01 | Crear | Villager (Male) |
| 6:25 | Crear | Villager (Male) |
| 6:25 | Crear | Villager (Male) |
| 7:06 | Crear | Villager (Male) |
| 8:41 | Construir | Settlement |
| 8:51 | Investigar | Feudal Age |
| 8:51 | Investigar | Feudal Age |
| 8:53 | Crear | Villager (Male) |
| 8:53 | Crear | Villager (Male) |
| 9:40 | Construir | Barracks |
| 11:01 | Edad | Edad Feudal |
| 11:03 | Construir | Blacksmith |
| 11:11 | Construir | Archery Range |
| 11:20 | Investigar | Double-Bit Axe |
| 11:20 | Investigar | Double-Bit Axe |
| 11:44 | Construir | Outpost |
| 11:50 | Investigar | Castle Age |
| 11:50 | Investigar | Castle Age |
| 11:59 | Investigar | Horse Collar |
| 11:59 | Investigar | Horse Collar |
| 12:22 | Crear | Spearman |
| 12:54 | Crear | Villager (Male) |
| 13:02 | Construir | Farm |
| 13:03 | Construir | Farm |
| 13:17 | Construir | Outpost |
| 13:24 | Construir | Outpost |
| 13:33 | Crear | Villager (Male) |
| 13:38 | Construir | Farm |
| 13:39 | Construir | Farm |
| 14:05 | Crear | Villager (Male) |
| 14:27 | Construir | Farm |
| 14:31 | Edad | Edad de los Castillos |
| 14:44 | Crear | Petard |
| 14:44 | Crear | Petard |
| 14:46 | Crear | Villager (Male) |
| 14:50 | Construir | Town Center |
| 15:02 | Crear | Petard |
| 15:04 | Crear | Villager (Male) |
| 15:04 | Crear | Villager (Male) |
| 15:15 | Investigar | Bow Saw |
| 15:15 | Investigar | Bow Saw |
| 15:34 | Investigar | Town Watch |
| 15:34 | Investigar | Town Watch |
| 15:34 | Crear | Villager (Male) |
| 15:44 | Construir | Outpost |
| 15:53 | Construir | Farm |
| 15:53 | Construir | Farm |
| 15:56 | Crear | Villager (Male) |
| 15:58 | Crear | Petard |
| 16:20 | Construir | House |
| 16:21 | Construir | House |
| 16:35 | Crear | Villager (Male) |
| 16:41 | Crear | Petard |
| 16:42 | Crear | Villager (Male) |
| 16:48 | Construir | Farm |
| 16:49 | Construir | Farm |
| 16:59 | Construir | Outpost |
| 17:07 | Crear | Villager (Male) |
| 17:07 | Crear | Villager (Male) |
| 17:20 | Crear | Villager (Male) |
| 17:34 | Construir | House |
| 17:44 | Construir | Farm |
| 17:45 | Construir | Farm |
| 17:47 | Construir | Farm |
| 17:48 | Construir | Farm |
| 17:49 | Construir | Farm |
| 17:49 | Construir | Farm |
| 17:50 | Construir | Farm |
| 17:52 | Crear | Villager (Male) |
| 17:53 | Crear | Villager (Male) |
| 17:59 | Construir | Farm |
| 18:00 | Construir | Farm |
| 18:01 | Construir | Farm |
| 18:02 | Construir | Farm |
| 18:10 | Construir | House |
| 18:22 | Construir | Outpost |
| 18:24 | Crear | Villager (Male) |
| 18:32 | Crear | Petard |
| 18:32 | Crear | Petard |
| 18:38 | Crear | Villager (Male) |
| 18:38 | Crear | Villager (Male) |
| 18:45 | Construir | Farm |
| 18:45 | Construir | Farm |
| 19:03 | Crear | Petard |
| 19:06 | Investigar | Fletching |
| 19:06 | Investigar | Fletching |
| 19:12 | Crear | Villager (Male) |
| 19:12 | Crear | Villager (Male) |
| 19:17 | Construir | Farm |
| 19:18 | Construir | Farm |
| 19:18 | Construir | Farm |
| 19:44 | Investigar | Wheelbarrow |
| 19:44 | Crear | Villager (Male) |
| 19:45 | Crear | Villager (Male) |
| 20:07 | Construir | Gate |
| 20:09 | Construir | House |
| 20:10 | Construir | House |
| 20:16 | Crear | Petard |
| 20:16 | Crear | Petard |
| 20:18 | Investigar | Bodkin Arrow |
| 20:18 | Investigar | Bodkin Arrow |
| 20:24 | Crear | Villager (Male) |
| 20:47 | Crear | Petard |
| 20:47 | Crear | Petard |
| 20:48 | Crear | Villager (Male) |
| 20:48 | Crear | Villager (Male) |
| 20:48 | Crear | Villager (Male) |
| 21:28 | Crear | Petard |
| 21:28 | Crear | Villager (Male) |
| 21:28 | Crear | Villager (Male) |
| 21:29 | Crear | Villager (Male) |
| 21:33 | Investigar | Hand Cart |
| 21:33 | Investigar | Hand Cart |
| 21:42 | Construir | Archery Range |
| 21:47 | Crear | Petard |
| 21:48 | Crear | Petard |
| 21:57 | Crear | Villager (Male) |
| 21:57 | Crear | Villager (Male) |
| 22:18 | Crear | Villager (Male) |
| 22:31 | Investigar | Padded Archer Armor |
| 22:31 | Investigar | Padded Archer Armor |
Build order — 岸边露伴
Primeras 150 de 389 acciones detectadas
| 0:03 | Construir | House |
| 0:04 | Crear | Villager (Male) |
| 0:04 | Crear | Villager (Male) |
| 0:06 | Construir | House |
| 0:17 | Construir | House |
| 0:23 | Construir | House |
| 0:33 | Crear | Villager (Male) |
| 0:34 | Crear | Villager (Male) |
| 0:34 | Crear | Villager (Male) |
| 0:38 | Construir | House |
| 1:25 | Crear | Villager (Male) |
| 1:25 | Crear | Villager (Male) |
| 1:25 | Crear | Villager (Male) |
| 1:26 | Crear | Villager (Male) |
| 2:02 | Crear | Villager (Male) |
| 2:03 | Crear | Villager (Male) |
| 2:03 | Crear | Villager (Male) |
| 2:24 | Crear | Villager (Male) |
| 2:24 | Crear | Villager (Male) |
| 2:42 | Construir | Lumber Camp |
| 3:03 | Crear | Villager (Male) |
| 3:04 | Crear | Villager (Male) |
| 3:04 | Crear | Villager (Male) |
| 3:04 | Crear | Villager (Male) |
| 3:20 | Crear | Villager (Male) |
| 3:54 | Crear | Villager (Male) |
| 4:18 | Crear | Villager (Male) |
| 4:18 | Crear | Villager (Male) |
| 4:18 | Crear | Villager (Male) |
| 4:26 | Crear | Villager (Male) |
| 4:26 | Crear | Villager (Male) |
| 4:26 | Crear | Villager (Male) |
| 4:26 | Crear | Villager (Male) |
| 4:27 | Crear | Villager (Male) |
| 4:56 | Construir | Mill |
| 5:07 | Crear | Villager (Male) |
| 5:08 | Crear | Villager (Male) |
| 5:08 | Crear | Villager (Male) |
| 5:08 | Crear | Villager (Male) |
| 5:08 | Crear | Villager (Male) |
| 5:57 | Crear | Villager (Male) |
| 7:07 | Construir | Mining Camp |
| 7:15 | Crear | Villager (Male) |
| 7:20 | Crear | Villager (Male) |
| 7:52 | Crear | Villager (Male) |
| 8:13 | Crear | Villager (Male) |
| 8:40 | Investigar | Feudal Age |
| 8:44 | Crear | Villager (Male) |
| 8:44 | Crear | Villager (Male) |
| 9:02 | Construir | House |
| 9:05 | Construir | House |
| 9:07 | Construir | House |
| 9:08 | Construir | House |
| 10:12 | Construir | Barracks |
| 11:05 | Edad | Edad Feudal |
| 11:12 | Construir | Blacksmith |
| 11:15 | Construir | Market |
| 11:35 | Investigar | Loom |
| 12:12 | Investigar | Castle Age |
| 12:29 | Investigar | Double-Bit Axe |
| 12:37 | Investigar | Gold Mining |
| 13:25 | Construir | Barracks |
| 13:39 | Investigar | Arson |
| 13:53 | Construir | Farm |
| 13:57 | Construir | Farm |
| 14:02 | Construir | Farm |
| 15:00 | Edad | Edad de los Castillos |
| 15:03 | Construir | Siege Workshop |
| 15:06 | Investigar | Gambesons |
| 15:06 | Investigar | Squires |
| 15:08 | Crear | Fire Lancer |
| 15:08 | Crear | Fire Lancer |
| 15:09 | Crear | Fire Lancer |
| 15:13 | Crear | Fire Lancer |
| 15:13 | Crear | Fire Lancer |
| 15:51 | Crear | Battering Ram |
| 15:51 | Crear | Battering Ram |
| 15:52 | Crear | Battering Ram |
| 15:52 | Crear | Battering Ram |
| 16:10 | Crear | Battering Ram |
| 16:10 | Crear | Battering Ram |
| 16:10 | Crear | Battering Ram |
| 16:10 | Crear | Battering Ram |
| 16:11 | Crear | Battering Ram |
| 16:31 | Crear | Fire Lancer |
| 16:57 | Crear | Fire Lancer |
| 17:04 | Crear | Iron Pagoda |
| 17:19 | Crear | Fire Lancer |
| 17:34 | Investigar | Scale Mail Armor |
| 17:37 | Crear | Fire Lancer |
| 18:02 | Crear | Battering Ram |
| 18:03 | Crear | Battering Ram |
| 18:03 | Crear | Battering Ram |
| 18:03 | Crear | Battering Ram |
| 18:10 | Crear | Fire Lancer |
| 18:10 | Crear | Fire Lancer |
| 18:10 | Crear | Fire Lancer |
| 18:11 | Crear | Fire Lancer |
| 18:13 | Crear | Fire Lancer |
| 18:13 | Crear | Fire Lancer |
| 18:13 | Crear | Fire Lancer |
| 18:35 | Crear | Fire Lancer |
| 18:35 | Crear | Fire Lancer |
| 18:36 | Crear | Fire Lancer |
| 18:36 | Crear | Fire Lancer |
| 18:36 | Crear | Fire Lancer |
| 18:57 | Crear | Fire Lancer |
| 18:57 | Crear | Fire Lancer |
| 19:14 | Crear | Fire Lancer |
| 19:17 | Construir | House |
| 19:18 | Construir | House |
| 19:18 | Construir | House |
| 19:18 | Construir | House |
| 19:19 | Construir | House |
| 19:19 | Construir | House |
| 19:19 | Construir | House |
| 19:26 | Investigar | Forging |
| 19:29 | Crear | Fire Lancer |
| 19:29 | Crear | Fire Lancer |
| 19:29 | Crear | Fire Lancer |
| 19:30 | Crear | Fire Lancer |
| 19:32 | Crear | Fire Lancer |
| 19:32 | Crear | Fire Lancer |
| 19:52 | Crear | Fire Lancer |
| 19:53 | Crear | Fire Lancer |
| 19:53 | Crear | Fire Lancer |
| 20:15 | Construir | House |
| 20:16 | Construir | House |
| 20:16 | Construir | House |
| 20:17 | Construir | House |
| 20:17 | Construir | House |
| 20:19 | Construir | Farm |
| 20:58 | Crear | Fire Lancer |
| 20:59 | Crear | Fire Lancer |
| 21:39 | Crear | Villager (Male) |
| 22:42 | Crear | Villager (Male) |
| 24:02 | Crear | Villager (Male) |
| 24:21 | Construir | Mining Camp |
| 24:24 | Crear | Villager (Male) |
| 24:31 | Construir | Lumber Camp |
| 24:55 | Crear | Iron Pagoda |
| 24:58 | Crear | Villager (Male) |
| 25:05 | Construir | Farm |
| 25:09 | Investigar | Horse Collar |
| 25:09 | Investigar | Horse Collar |
| 25:09 | Investigar | Horse Collar |
| 25:09 | Investigar | Horse Collar |
| 25:16 | Construir | Farm |
| 25:20 | Construir | Farm |
| 25:22 | Crear | Villager (Male) |
Build order — Dr Janemba
Primeras 150 de 528 acciones detectadas
| 0:02 | Construir | House |
| 0:02 | Crear | Villager (Male) |
| 0:03 | Crear | Villager (Male) |
| 0:03 | Crear | Villager (Male) |
| 0:03 | Crear | Villager (Male) |
| 0:04 | Construir | House |
| 0:24 | Crear | Villager (Male) |
| 1:31 | Crear | Villager (Male) |
| 1:31 | Crear | Villager (Male) |
| 2:00 | Construir | Lumber Camp |
| 2:10 | Crear | Villager (Male) |
| 2:17 | Crear | Villager (Male) |
| 2:46 | Crear | Villager (Male) |
| 2:54 | Construir | House |
| 2:54 | Construir | House |
| 3:28 | Crear | Villager (Male) |
| 3:28 | Crear | Villager (Male) |
| 3:28 | Crear | Villager (Male) |
| 4:13 | Crear | Villager (Male) |
| 4:40 | Crear | Villager (Male) |
| 5:03 | Crear | Villager (Male) |
| 5:03 | Crear | Villager (Male) |
| 5:21 | Crear | Villager (Male) |
| 5:21 | Crear | Villager (Male) |
| 5:48 | Crear | Villager (Male) |
| 5:49 | Crear | Villager (Male) |
| 5:49 | Crear | Villager (Male) |
| 5:57 | Construir | Mill |
| 6:04 | Crear | Villager (Male) |
| 6:04 | Crear | Villager (Male) |
| 6:48 | Crear | Villager (Male) |
| 6:53 | Crear | Villager (Male) |
| 6:53 | Crear | Villager (Male) |
| 6:54 | Crear | Villager (Male) |
| 6:54 | Crear | Villager (Male) |
| 6:55 | Crear | Villager (Male) |
| 6:55 | Crear | Villager (Male) |
| 7:24 | Construir | Mining Camp |
| 7:35 | Investigar | Feudal Age |
| 8:53 | Construir | House |
| 8:57 | Crear | Villager (Male) |
| 8:58 | Crear | Villager (Male) |
| 8:58 | Crear | Villager (Male) |
| 8:58 | Crear | Villager (Male) |
| 8:58 | Crear | Villager (Male) |
| 8:58 | Crear | Villager (Male) |
| 8:59 | Crear | Villager (Male) |
| 8:59 | Crear | Villager (Male) |
| 8:59 | Crear | Villager (Male) |
| 9:22 | Crear | Villager (Male) |
| 9:22 | Crear | Villager (Male) |
| 9:34 | Crear | Villager (Male) |
| 9:49 | Crear | Villager (Male) |
| 9:49 | Crear | Villager (Male) |
| 9:53 | Construir | Market |
| 9:57 | Construir | Blacksmith |
| 10:05 | Construir | Farm |
| 10:08 | Investigar | Double-Bit Axe |
| 10:23 | Construir | Farm |
| 10:25 | Construir | Farm |
| 10:39 | Construir | Farm |
| 10:48 | Construir | House |
| 11:00 | Construir | Farm |
| 11:20 | Construir | Farm |
| 11:26 | Construir | House |
| 11:30 | Crear | Villager (Male) |
| 11:37 | Construir | Farm |
| 11:53 | Crear | Villager (Male) |
| 11:59 | Construir | Farm |
| 12:12 | Construir | Farm |
| 12:17 | Crear | Villager (Male) |
| 12:21 | Construir | Farm |
| 12:43 | Crear | Villager (Male) |
| 12:46 | Construir | Farm |
| 13:00 | Construir | Farm |
| 13:12 | Investigar | Castle Age |
| 13:32 | Construir | Farm |
| 13:40 | Investigar | Horse Collar |
| 14:03 | Investigar | Gold Mining |
| 14:23 | Investigar | Wheelbarrow |
| 14:23 | Investigar | Loom |
| 15:40 | Investigar | Bow Saw |
| 15:46 | Construir | Town Center |
| 16:17 | Investigar | Heavy Plow |
| 16:32 | Crear | Villager (Male) |
| 16:32 | Crear | Villager (Male) |
| 16:33 | Crear | Villager (Male) |
| 16:37 | Crear | Villager (Male) |
| 16:37 | Crear | Villager (Male) |
| 16:37 | Crear | Villager (Male) |
| 16:37 | Crear | Villager (Male) |
| 16:51 | Crear | Villager (Male) |
| 17:16 | Construir | Town Center |
| 17:35 | Construir | Siege Workshop |
| 17:41 | Crear | Villager (Male) |
| 17:41 | Crear | Villager (Male) |
| 17:41 | Crear | Villager (Male) |
| 17:42 | Crear | Villager (Male) |
| 17:42 | Crear | Villager (Male) |
| 17:49 | Crear | Villager (Male) |
| 18:20 | Crear | Mangonel |
| 18:23 | Crear | Villager (Male) |
| 18:24 | Crear | Villager (Male) |
| 18:36 | Crear | Villager (Male) |
| 18:36 | Crear | Villager (Male) |
| 18:36 | Crear | Villager (Male) |
| 19:00 | Crear | Villager (Male) |
| 19:00 | Crear | Villager (Male) |
| 19:06 | Construir | Farm |
| 19:06 | Construir | Farm |
| 19:06 | Construir | Farm |
| 19:07 | Construir | Farm |
| 19:07 | Construir | Farm |
| 19:07 | Construir | Farm |
| 19:07 | Construir | Farm |
| 19:08 | Construir | Farm |
| 19:08 | Construir | Farm |
| 19:16 | Crear | Villager (Male) |
| 19:17 | Crear | Villager (Male) |
| 19:26 | Construir | House |
| 19:31 | Crear | Villager (Male) |
| 19:34 | Crear | Villager (Male) |
| 19:34 | Crear | Villager (Male) |
| 19:37 | Construir | House |
| 19:42 | Crear | Villager (Male) |
| 20:00 | Construir | Town Center |
| 20:06 | Construir | House |
| 20:06 | Construir | House |
| 20:07 | Construir | House |
| 20:08 | Crear | Villager (Male) |
| 20:09 | Crear | Villager (Male) |
| 20:17 | Crear | Villager (Male) |
| 20:29 | Crear | Villager (Male) |
| 20:30 | Crear | Villager (Male) |
| 20:31 | Crear | Villager (Male) |
| 20:31 | Crear | Villager (Male) |
| 20:45 | Crear | Villager (Male) |
| 20:50 | Crear | Villager (Male) |
| 20:57 | Crear | Villager (Male) |
| 21:13 | Construir | Farm |
| 21:13 | Construir | Farm |
| 21:14 | Construir | Farm |
| 21:14 | Construir | Farm |
| 21:14 | Construir | Farm |
| 21:14 | Construir | Farm |
| 21:14 | Construir | Farm |
| 21:15 | Construir | Farm |
| 21:15 | Construir | Farm |
| 21:15 | Construir | Farm |
| 21:15 | Construir | Farm |
Build order — 185 godfish
Primeras 150 de 542 acciones detectadas
| 0:02 | Crear | Villager (Male) ×5 |
| 0:02 | Crear | Villager (Male) ×5 |
| 0:04 | Construir | House |
| 0:06 | Construir | House |
| 1:24 | Crear | Villager (Male) |
| 1:48 | Construir | Lumber Camp |
| 2:00 | Crear | Villager (Male) |
| 2:01 | Crear | Villager (Male) |
| 2:07 | Crear | Villager (Male) |
| 2:08 | Crear | Villager (Male) |
| 2:44 | Crear | Villager (Male) |
| 2:44 | Crear | Villager (Male) |
| 3:06 | Crear | Villager (Male) |
| 3:25 | Construir | House |
| 3:26 | Construir | House |
| 3:37 | Crear | Villager (Male) |
| 3:52 | Crear | Villager (Male) |
| 4:25 | Construir | Mill |
| 4:30 | Crear | Villager (Male) |
| 4:30 | Crear | Villager (Male) |
| 5:05 | Crear | Villager (Male) |
| 5:05 | Crear | Villager (Male) |
| 5:20 | Crear | Villager (Male) |
| 5:55 | Construir | Farm |
| 6:03 | Crear | Villager (Male) |
| 6:03 | Crear | Villager (Male) |
| 6:09 | Crear | Villager (Male) |
| 6:09 | Crear | Villager (Male) |
| 6:21 | Crear | Villager (Male) |
| 6:22 | Crear | Villager (Male) |
| 6:42 | Crear | Villager (Male) |
| 6:52 | Crear | Villager (Male) |
| 6:52 | Crear | Villager (Male) |
| 7:16 | Construir | Farm |
| 7:45 | Crear | Villager (Male) |
| 8:00 | Construir | Farm |
| 8:36 | Construir | Mining Camp |
| 8:50 | Investigar | Feudal Age |
| 8:50 | Investigar | Feudal Age |
| 8:50 | Investigar | Feudal Age |
| 9:31 | Construir | House |
| 10:09 | Construir | Barracks |
| 10:44 | Crear | Villager (Male) |
| 10:44 | Crear | Villager (Male) |
| 11:00 | Edad | Edad Feudal |
| 11:02 | Construir | Stable |
| 11:02 | Crear | Villager (Male) |
| 11:04 | Construir | Blacksmith |
| 11:14 | Investigar | Double-Bit Axe |
| 11:14 | Investigar | Double-Bit Axe |
| 11:14 | Investigar | Double-Bit Axe |
| 11:30 | Investigar | Horse Collar |
| 11:30 | Investigar | Horse Collar |
| 11:31 | Investigar | Horse Collar |
| 11:31 | Investigar | Horse Collar |
| 11:54 | Investigar | Castle Age |
| 11:55 | Investigar | Castle Age |
| 11:55 | Investigar | Castle Age |
| 12:01 | Construir | House |
| 12:13 | Construir | Farm |
| 12:27 | Construir | House |
| 12:37 | Construir | Lumber Camp |
| 12:44 | Crear | Scout Cavalry |
| 12:55 | Construir | Farm |
| 13:20 | Crear | Scout Cavalry |
| 13:28 | Crear | Spearman |
| 13:28 | Crear | Scout Cavalry |
| 14:31 | Crear | Villager (Male) |
| 14:34 | Edad | Edad de los Castillos |
| 14:42 | Construir | Monastery |
| 14:49 | Crear | Villager (Male) |
| 14:52 | Construir | Town Center |
| 15:00 | Crear | Villager (Male) |
| 15:14 | Construir | Farm |
| 15:17 | Construir | Farm |
| 15:20 | Crear | Villager (Male) |
| 15:24 | Crear | Monk |
| 15:26 | Construir | House |
| 15:27 | Crear | Villager (Male) |
| 15:44 | Crear | Villager (Male) |
| 15:59 | Crear | Villager (Male) |
| 16:03 | Construir | House |
| 16:04 | Crear | Monk |
| 16:09 | Construir | Farm |
| 16:15 | Crear | Villager (Male) |
| 16:30 | Construir | Farm |
| 16:32 | Crear | Villager (Male) |
| 16:34 | Construir | House |
| 16:35 | Crear | Villager (Male) |
| 16:39 | Crear | Villager (Male) |
| 16:48 | Construir | Town Center |
| 17:00 | Construir | Farm |
| 17:03 | Crear | Villager (Male) |
| 17:05 | Construir | House |
| 17:07 | Crear | Monk |
| 17:19 | Construir | Farm |
| 17:24 | Construir | Farm |
| 17:29 | Crear | Villager (Male) |
| 17:32 | Construir | Farm |
| 17:33 | Investigar | Bow Saw |
| 17:33 | Investigar | Bow Saw |
| 17:36 | Construir | Farm |
| 17:43 | Crear | Villager (Male) |
| 18:00 | Construir | Farm |
| 18:01 | Crear | Villager (Male) |
| 18:02 | Crear | Villager (Male) |
| 18:07 | Construir | Farm |
| 18:17 | Crear | Villager (Male) |
| 18:17 | Crear | Villager (Male) |
| 18:24 | Crear | Villager (Male) |
| 18:25 | Construir | Farm |
| 18:29 | Construir | Farm |
| 18:43 | Crear | Villager (Male) |
| 18:43 | Crear | Villager (Male) |
| 18:57 | Construir | Farm |
| 18:57 | Construir | Farm |
| 18:58 | Crear | Villager (Male) |
| 19:00 | Construir | Farm |
| 19:02 | Crear | Villager (Male) |
| 19:04 | Crear | Villager (Male) |
| 19:06 | Crear | Villager (Male) |
| 19:11 | Crear | Villager (Male) |
| 19:18 | Crear | Villager (Male) |
| 19:24 | Crear | Villager (Male) |
| 19:27 | Construir | Farm |
| 19:31 | Construir | Lumber Camp |
| 19:32 | Crear | Villager (Male) |
| 19:34 | Construir | Farm |
| 19:35 | Construir | Farm |
| 19:36 | Construir | Farm |
| 19:42 | Construir | Farm |
| 19:44 | Crear | Villager (Male) |
| 19:47 | Construir | House |
| 19:48 | Construir | House |
| 19:49 | Construir | House |
| 19:51 | Crear | Villager (Male) |
| 19:59 | Crear | Villager (Male) |
| 19:59 | Crear | Villager (Male) |
| 20:04 | Crear | Villager (Male) |
| 20:04 | Crear | Villager (Male) |
| 20:14 | Construir | Farm |
| 20:16 | Construir | Farm |
| 20:19 | Crear | Villager (Male) |
| 20:23 | Construir | House |
| 20:23 | Construir | House |
| 20:25 | Crear | Villager (Male) |
| 20:25 | Crear | Villager (Male) |
| 20:30 | Construir | Farm |
| 20:31 | Construir | Farm |
| 20:48 | Crear | Villager (Male) |
Build order — Neinkaiser
Primeras 150 de 325 acciones detectadas
| 0:01 | Crear | Villager (Male) |
| 0:01 | Crear | Villager (Male) |
| 0:01 | Crear | Villager (Male) |
| 0:02 | Crear | Villager (Male) |
| 0:02 | Crear | Villager (Male) |
| 0:04 | Construir | House |
| 0:06 | Construir | House |
| 1:29 | Crear | Villager (Male) |
| 1:29 | Crear | Villager (Male) |
| 1:55 | Construir | Lumber Camp |
| 2:05 | Crear | Villager (Male) |
| 2:05 | Crear | Villager (Male) |
| 2:24 | Crear | Villager (Male) |
| 2:24 | Crear | Villager (Male) |
| 2:50 | Crear | Villager (Male) |
| 2:50 | Crear | Villager (Male) |
| 3:22 | Crear | Villager (Male) |
| 3:22 | Crear | Villager (Male) |
| 3:25 | Construir | House |
| 3:48 | Crear | Villager (Male) |
| 3:49 | Crear | Villager (Male) |
| 3:49 | Crear | Villager (Male) |
| 4:47 | Crear | Villager (Male) |
| 4:47 | Crear | Villager (Male) |
| 5:10 | Construir | Mill |
| 5:27 | Crear | Villager (Male) |
| 5:44 | Crear | Villager (Male) |
| 5:44 | Crear | Villager (Male) |
| 6:03 | Construir | House |
| 6:04 | Construir | House |
| 6:47 | Investigar | Feudal Age |
| 7:31 | Construir | Mining Camp |
| 8:04 | Crear | Villager (Male) |
| 8:18 | Construir | Barracks |
| 8:57 | Edad | Edad Feudal |
| 9:05 | Construir | Blacksmith |
| 9:12 | Crear | Villager (Male) |
| 9:36 | Crear | Villager (Male) |
| 10:07 | Crear | Villager (Male) |
| 10:24 | Construir | Archery Range |
| 10:30 | Construir | Archery Range |
| 10:36 | Crear | Villager (Male) |
| 10:57 | Construir | House |
| 11:05 | Construir | House |
| 11:08 | Crear | Villager (Male) |
| 11:36 | Crear | Villager (Male) |
| 11:40 | Construir | Mining Camp |
| 12:16 | Investigar | Castle Age |
| 13:24 | Investigar | Double-Bit Axe |
| 13:48 | Investigar | Horse Collar |
| 14:28 | Construir | Farm |
| 14:31 | Construir | Farm |
| 14:33 | Construir | Farm |
| 14:36 | Construir | Farm |
| 14:38 | Construir | Farm |
| 14:45 | Construir | Farm |
| 14:49 | Construir | Farm |
| 14:52 | Construir | Farm |
| 14:56 | Edad | Edad de los Castillos |
| 15:16 | Investigar | Loom |
| 15:28 | Construir | Farm |
| 15:31 | Construir | Farm |
| 15:32 | Construir | Farm |
| 15:35 | Crear | Villager (Male) |
| 15:44 | Construir | Castle |
| 15:55 | Crear | Villager (Male) |
| 16:09 | Construir | Farm |
| 16:19 | Crear | Villager (Male) |
| 16:37 | Crear | Villager (Male) |
| 16:42 | Construir | Farm |
| 16:45 | Construir | Farm |
| 16:50 | Construir | Farm |
| 17:01 | Crear | Villager (Male) |
| 17:09 | Construir | Farm |
| 17:14 | Crear | Petard |
| 17:24 | Crear | Petard |
| 17:33 | Crear | Villager (Male) |
| 17:50 | Construir | Farm |
| 18:07 | Crear | Villager (Male) |
| 18:09 | Crear | Samurai |
| 18:12 | Investigar | Bow Saw |
| 18:37 | Construir | Farm |
| 18:42 | Crear | Villager (Male) |
| 18:43 | Crear | Villager (Male) |
| 19:01 | Investigar | Gold Mining |
| 19:21 | Construir | Farm |
| 19:23 | Crear | Villager (Male) |
| 19:29 | Crear | Samurai |
| 19:42 | Crear | Villager (Male) |
| 19:45 | Crear | Samurai |
| 19:57 | Crear | Samurai |
| 20:07 | Crear | Samurai |
| 20:15 | Construir | Siege Workshop |
| 20:18 | Crear | Samurai |
| 20:22 | Crear | Villager (Male) |
| 20:29 | Crear | Villager (Male) |
| 20:39 | Investigar | Forging |
| 20:40 | Crear | Samurai |
| 20:56 | Construir | Farm |
| 21:02 | Construir | House |
| 21:12 | Construir | Mill |
| 21:27 | Crear | Villager (Male) |
| 21:28 | Crear | Samurai |
| 21:31 | Crear | Battering Ram |
| 21:35 | Construir | House |
| 21:47 | Construir | House |
| 21:51 | Crear | Samurai |
| 21:54 | Construir | Farm |
| 21:55 | Crear | Villager (Male) |
| 22:03 | Crear | Villager (Male) |
| 22:05 | Crear | Samurai |
| 22:06 | Crear | Samurai |
| 22:12 | Construir | House |
| 22:24 | Construir | Farm |
| 22:36 | Crear | Samurai |
| 22:36 | Crear | Battering Ram |
| 22:44 | Crear | Villager (Male) |
| 22:47 | Construir | House |
| 22:50 | Investigar | Squires |
| 22:53 | Investigar | Scale Mail Armor |
| 22:55 | Crear | Villager (Male) |
| 23:04 | Construir | Lumber Camp |
| 23:11 | Crear | Samurai |
| 23:33 | Construir | House |
| 23:34 | Crear | Villager (Male) |
| 23:35 | Crear | Samurai |
| 23:35 | Crear | Samurai |
| 23:40 | Crear | Battering Ram |
| 23:50 | Crear | Samurai |
| 23:50 | Crear | Samurai |
| 23:52 | Crear | Villager (Male) |
| 23:56 | Construir | House |
| 24:01 | Construir | House |
| 24:03 | Crear | Villager (Male) |
| 24:09 | Crear | Battering Ram |
| 24:10 | Crear | Samurai |
| 24:10 | Crear | Samurai |
| 24:30 | Crear | Villager (Male) |
| 24:34 | Construir | House |
| 24:35 | Crear | Samurai |
| 24:36 | Crear | Samurai |
| 24:49 | Construir | House |
| 24:51 | Crear | Battering Ram |
| 24:54 | Crear | Samurai |
| 25:01 | Investigar | Chain Mail Armor |
| 25:03 | Crear | Villager (Male) |
| 25:03 | Crear | Villager (Male) |
| 25:23 | Construir | House |
| 25:26 | Crear | Archer |
| 26:05 | Crear | Samurai |
Build order — 执者如旗
Primeras 150 de 320 acciones detectadas
| 0:05 | Crear | Villager (Male) ×4 |
| 0:06 | Construir | House |
| 0:07 | Construir | House |
| 1:27 | Crear | Villager (Male) |
| 1:52 | Construir | Lumber Camp |
| 2:05 | Crear | Villager (Male) |
| 2:21 | Crear | Villager (Male) |
| 2:51 | Crear | Villager (Male) |
| 2:52 | Crear | Villager (Male) |
| 3:24 | Crear | Villager (Male) |
| 3:24 | Crear | Villager (Male) |
| 3:40 | Crear | Villager (Male) |
| 3:46 | Construir | House |
| 4:00 | Crear | Villager (Male) |
| 4:00 | Crear | Villager (Male) |
| 4:34 | Investigar | Loom |
| 4:39 | Crear | Villager (Male) |
| 4:39 | Crear | Villager (Male) |
| 5:21 | Crear | Villager (Male) |
| 5:32 | Construir | Mining Camp |
| 5:37 | Construir | House |
| 5:40 | Crear | Villager (Male) |
| 5:57 | Construir | Mill |
| 6:02 | Construir | Mining Camp |
| 6:08 | Crear | Villager (Male) |
| 6:40 | Crear | Villager (Male) |
| 6:44 | Crear | Villager (Male) |
| 6:50 | Construir | House |
| 7:31 | Crear | Villager (Male) |
| 8:00 | Crear | Villager (Male) |
| 8:23 | Investigar | Feudal Age |
| 8:31 | Construir | House |
| 9:23 | Crear | Villager (Male) |
| 9:23 | Crear | Villager (Male) |
| 10:08 | Construir | Farm |
| 10:35 | Edad | Edad Feudal |
| 10:39 | Construir | Blacksmith |
| 10:45 | Crear | Villager (Male) |
| 10:56 | Construir | Market |
| 11:06 | Construir | Farm |
| 11:28 | Construir | Farm |
| 11:55 | Construir | Farm |
| 11:56 | Crear | Villager (Male) |
| 12:00 | Construir | Farm |
| 12:07 | Construir | Farm |
| 12:23 | Investigar | Castle Age |
| 12:23 | Investigar | Castle Age |
| 12:26 | Construir | Farm |
| 14:06 | Construir | Farm |
| 14:10 | Crear | Villager (Male) |
| 14:12 | Crear | Villager (Male) |
| 14:16 | Construir | Farm |
| 14:26 | Investigar | Horse Collar |
| 15:03 | Edad | Edad de los Castillos |
| 15:07 | Construir | Monastery |
| 15:18 | Crear | Villager (Male) |
| 15:21 | Construir | Town Center |
| 15:24 | Construir | Town Center |
| 15:29 | Crear | Villager (Male) |
| 15:42 | Crear | Monk |
| 15:58 | Crear | Villager (Male) |
| 16:21 | Crear | Villager (Male) |
| 16:29 | Construir | House |
| 16:30 | Construir | House |
| 16:31 | Construir | House |
| 16:34 | Crear | Villager (Male) |
| 16:36 | Crear | Villager (Male) |
| 16:36 | Crear | Villager (Male) |
| 16:36 | Crear | Villager (Male) |
| 16:47 | Crear | Villager (Male) |
| 16:47 | Crear | Villager (Male) |
| 16:55 | Construir | Farm |
| 16:58 | Construir | Farm |
| 17:00 | Crear | Villager (Male) |
| 17:08 | Crear | Monk |
| 17:18 | Construir | Farm |
| 17:23 | Construir | Farm |
| 17:24 | Crear | Villager (Male) |
| 17:33 | Construir | Farm |
| 17:35 | Crear | Villager (Male) |
| 17:40 | Construir | Farm |
| 17:42 | Crear | Villager (Male) |
| 17:46 | Construir | Farm |
| 18:00 | Construir | Farm |
| 18:03 | Construir | Farm |
| 18:04 | Crear | Villager (Male) |
| 18:16 | Crear | Villager (Male) |
| 18:16 | Crear | Villager (Male) |
| 18:18 | Crear | Villager (Male) |
| 18:21 | Construir | Farm |
| 18:27 | Construir | Mining Camp |
| 18:32 | Crear | Villager (Male) |
| 18:37 | Crear | Villager (Male) |
| 18:43 | Crear | Villager (Male) |
| 18:56 | Construir | Farm |
| 18:57 | Crear | Villager (Male) |
| 18:59 | Construir | Farm |
| 19:02 | Crear | Villager (Male) |
| 19:05 | Construir | House |
| 19:06 | Construir | House |
| 19:22 | Construir | Farm |
| 19:23 | Crear | Villager (Male) |
| 19:25 | Investigar | Wheelbarrow |
| 19:27 | Construir | Farm |
| 19:35 | Construir | Farm |
| 19:38 | Construir | Farm |
| 19:46 | Construir | Farm |
| 19:47 | Crear | Villager (Male) |
| 19:51 | Crear | Villager (Male) |
| 19:52 | Crear | Villager (Male) |
| 19:53 | Crear | Villager (Male) |
| 19:55 | Crear | Villager (Male) |
| 19:55 | Crear | Villager (Male) |
| 20:22 | Construir | House |
| 20:22 | Construir | House |
| 20:29 | Crear | Villager (Male) |
| 20:33 | Construir | Town Center |
| 20:37 | Crear | Villager (Male) |
| 20:40 | Crear | Villager (Male) |
| 20:44 | Construir | Farm |
| 20:48 | Construir | Farm |
| 20:59 | Construir | Gate |
| 21:01 | Crear | Monk |
| 21:19 | Construir | Gate |
| 21:34 | Construir | Siege Workshop |
| 22:00 | Construir | Castle |
| 23:11 | Crear | Petard |
| 24:47 | Construir | Gate |
| 24:55 | Crear | Villager (Male) |
| 24:57 | Crear | Villager (Male) |
| 25:23 | Crear | Villager (Male) |
| 25:30 | Crear | Villager (Male) |
| 25:30 | Crear | Villager (Male) |
| 25:57 | Crear | Villager (Male) |
| 26:17 | Crear | Villager (Male) |
| 26:18 | Crear | Villager (Male) |
| 26:42 | Crear | Villager (Male) |
| 26:43 | Crear | Villager (Male) |
| 27:09 | Crear | Villager (Male) |
| 27:12 | Crear | Villager (Male) |
| 27:23 | Crear | Villager (Male) |
| 27:24 | Crear | Villager (Male) |
| 27:37 | Crear | Villager (Male) |
| 27:43 | Crear | Villager (Male) |
| 27:44 | Crear | Villager (Male) |
| 28:08 | Crear | Villager (Male) |
| 28:09 | Crear | Villager (Male) |
| 28:24 | Crear | Villager (Male) |
| 28:25 | Crear | Villager (Male) |
| 29:01 | Crear | Villager (Male) |
Build order — ikaradayi976
Primeras 150 de 430 acciones detectadas
| 0:01 | Crear | Villager (Male) |
| 0:02 | Crear | Villager (Male) |
| 0:03 | Construir | House |
| 0:04 | Construir | House |
| 0:05 | Crear | Villager (Male) |
| 0:06 | Crear | Villager (Male) |
| 1:30 | Crear | Villager (Male) |
| 1:30 | Crear | Villager (Male) |
| 1:31 | Crear | Villager (Male) |
| 2:06 | Crear | Villager (Male) |
| 2:06 | Crear | Villager (Male) |
| 2:06 | Crear | Villager (Male) |
| 2:24 | Crear | Villager (Male) |
| 2:25 | Crear | Villager (Male) |
| 2:25 | Crear | Villager (Male) |
| 3:05 | Construir | House |
| 3:13 | Construir | House |
| 3:14 | Construir | House |
| 3:20 | Crear | Villager (Male) |
| 3:20 | Crear | Villager (Male) |
| 3:21 | Crear | Villager (Male) |
| 3:21 | Crear | Villager (Male) |
| 3:54 | Crear | Villager (Male) |
| 3:54 | Crear | Villager (Male) |
| 4:34 | Crear | Villager (Male) |
| 4:34 | Crear | Villager (Male) |
| 4:35 | Crear | Villager (Male) |
| 4:35 | Crear | Villager (Male) |
| 4:35 | Crear | Villager (Male) |
| 5:23 | Crear | Villager (Male) |
| 5:24 | Crear | Villager (Male) |
| 5:24 | Crear | Villager (Male) |
| 5:30 | Crear | Villager (Male) |
| 5:31 | Crear | Villager (Male) |
| 5:31 | Crear | Villager (Male) |
| 5:57 | Crear | Villager (Male) |
| 5:57 | Crear | Villager (Male) |
| 5:57 | Crear | Villager (Male) |
| 5:57 | Crear | Villager (Male) |
| 5:58 | Crear | Villager (Male) |
| 6:24 | Construir | Mill |
| 7:02 | Crear | Villager (Male) |
| 7:29 | Construir | House |
| 7:45 | Crear | Villager (Male) |
| 7:57 | Construir | Lumber Camp |
| 8:25 | Construir | Mining Camp |
| 9:08 | Investigar | Feudal Age |
| 9:21 | Construir | House |
| 9:22 | Construir | House |
| 9:25 | Construir | Palisade Wall |
| 10:18 | Construir | Farm |
| 10:21 | Construir | Farm |
| 10:24 | Construir | Farm |
| 11:19 | Crear | Villager (Male) |
| 11:21 | Edad | Edad Feudal |
| 11:40 | Investigar | Castle Age |
| 11:40 | Investigar | Castle Age |
| 11:40 | Investigar | Castle Age |
| 12:13 | Construir | Farm |
| 12:16 | Construir | Farm |
| 12:18 | Investigar | Double-Bit Axe |
| 12:18 | Investigar | Horse Collar |
| 12:22 | Construir | Farm |
| 12:26 | Construir | Farm |
| 13:41 | Construir | House |
| 13:43 | Construir | House |
| 13:43 | Construir | House |
| 13:44 | Construir | House |
| 13:44 | Construir | House |
| 13:44 | Construir | House |
| 13:44 | Construir | House |
| 13:44 | Construir | House |
| 13:45 | Construir | House |
| 13:45 | Construir | House |
| 13:45 | Construir | House |
| 13:46 | Construir | House |
| 13:46 | Construir | House |
| 13:59 | Investigar | Gold Mining |
| 14:01 | Crear | Villager (Male) |
| 14:01 | Crear | Villager (Male) |
| 14:26 | Edad | Edad de los Castillos |
| 14:29 | Construir | Town Center |
| 14:32 | Investigar | Bow Saw |
| 14:58 | Construir | Farm |
| 15:02 | Construir | Farm |
| 15:05 | Construir | Farm |
| 15:09 | Crear | Villager (Male) |
| 15:20 | Construir | Farm |
| 15:24 | Crear | Villager (Male) |
| 15:34 | Construir | Farm |
| 15:37 | Crear | Villager (Male) |
| 15:52 | Crear | Villager (Male) |
| 15:52 | Crear | Villager (Male) |
| 15:59 | Construir | Farm |
| 16:10 | Construir | Farm |
| 16:16 | Crear | Villager (Male) |
| 16:18 | Crear | Villager (Male) |
| 16:24 | Construir | Farm |
| 16:37 | Construir | Farm |
| 16:47 | Construir | Siege Workshop |
| 16:56 | Crear | Villager (Male) |
| 16:57 | Crear | Villager (Male) |
| 17:00 | Construir | Farm |
| 17:05 | Crear | Villager (Male) |
| 17:05 | Crear | Villager (Male) |
| 17:19 | Crear | Villager (Male) |
| 17:20 | Crear | Villager (Male) |
| 17:35 | Construir | Barracks |
| 17:42 | Crear | Villager (Male) |
| 17:42 | Crear | Villager (Male) |
| 17:55 | Investigar | Heavy Plow |
| 17:55 | Investigar | Heavy Plow |
| 17:55 | Investigar | Heavy Plow |
| 18:06 | Construir | House |
| 18:07 | Construir | House |
| 18:24 | Crear | Scorpion |
| 18:24 | Crear | Scorpion |
| 18:31 | Crear | Spearman |
| 18:32 | Crear | Spearman |
| 18:36 | Crear | Villager (Male) |
| 18:37 | Crear | Villager (Male) |
| 18:41 | Construir | Farm |
| 18:46 | Construir | Farm |
| 18:46 | Construir | Farm |
| 18:46 | Construir | Farm |
| 18:47 | Construir | Farm |
| 18:53 | Construir | Farm |
| 18:56 | Construir | Farm |
| 18:58 | Crear | Villager (Male) |
| 18:59 | Crear | Villager (Male) |
| 19:04 | Crear | Spearman |
| 19:11 | Crear | Villager (Male) |
| 19:14 | Crear | Villager (Male) |
| 19:27 | Construir | House |
| 19:28 | Construir | House |
| 19:29 | Construir | House |
| 19:29 | Construir | House |
| 19:29 | Construir | House |
| 19:29 | Construir | House |
| 19:29 | Construir | House |
| 19:30 | Construir | House |
| 19:30 | Construir | House |
| 19:31 | Construir | House |
| 19:31 | Construir | House |
| 19:31 | Construir | House |
| 19:32 | Construir | House |
| 19:32 | Construir | House |
| 19:35 | Crear | Villager (Male) |
| 19:36 | Crear | Villager (Male) |
| 19:38 | Investigar | Wheelbarrow |
Build order — 83716497273
Primeras 150 de 286 acciones detectadas
| 0:02 | Crear | Villager (Male) ×5 |
| 0:07 | Construir | House |
| 0:09 | Construir | House |
| 1:31 | Crear | Villager (Male) |
| 2:19 | Crear | Villager (Male) |
| 2:19 | Crear | Villager (Male) |
| 3:00 | Construir | Lumber Camp |
| 3:06 | Crear | Villager (Male) |
| 3:06 | Crear | Villager (Male) |
| 3:17 | Construir | House |
| 3:32 | Crear | Villager (Male) |
| 3:53 | Crear | Villager (Male) ×3 |
| 4:56 | Construir | Mill |
| 5:17 | Construir | House |
| 5:36 | Crear | Villager (Male) ×4 |
| 5:55 | Crear | Villager (Male) ×2 |
| 6:12 | Construir | Mining Camp |
| 7:23 | Construir | House |
| 7:48 | Crear | Villager (Male) |
| 7:48 | Crear | Villager (Male) |
| 8:20 | Crear | Villager (Male) |
| 8:51 | Investigar | Feudal Age |
| 9:15 | Construir | Farm |
| 9:17 | Construir | Farm |
| 9:19 | Construir | Farm |
| 10:34 | Crear | Villager (Male) |
| 10:34 | Crear | Villager (Male) |
| 11:09 | Construir | Farm |
| 11:15 | Edad | Edad Feudal |
| 11:17 | Construir | Market |
| 11:19 | Construir | Blacksmith |
| 12:00 | Investigar | Castle Age |
| 12:08 | Investigar | Double-Bit Axe |
| 12:27 | Investigar | Horse Collar |
| 12:47 | Construir | Farm |
| 12:48 | Construir | Farm |
| 12:50 | Construir | Farm |
| 12:53 | Construir | Farm |
| 12:55 | Construir | Lumber Camp |
| 13:39 | Crear | Villager (Male) |
| 14:26 | Edad | Edad de los Castillos |
| 14:34 | Construir | Town Center |
| 14:45 | Construir | Town Center |
| 14:51 | Crear | Villager (Male) |
| 14:56 | Investigar | Wheelbarrow |
| 15:10 | Construir | House |
| 15:11 | Construir | House |
| 15:18 | Construir | House |
| 15:18 | Construir | House |
| 15:20 | Construir | House |
| 15:55 | Crear | Villager (Male) |
| 15:55 | Crear | Villager (Male) |
| 15:57 | Crear | Villager (Male) |
| 16:14 | Crear | Villager (Male) ×5 |
| 16:29 | Investigar | Bow Saw |
| 16:30 | Crear | Villager (Male) ×2 |
| 16:46 | Construir | House |
| 17:00 | Construir | Farm |
| 17:00 | Construir | Farm |
| 17:00 | Construir | Farm |
| 17:00 | Construir | Farm |
| 17:01 | Construir | Farm |
| 17:03 | Crear | Villager (Male) |
| 17:04 | Crear | Villager (Male) |
| 17:09 | Construir | Farm |
| 17:09 | Construir | Farm |
| 17:09 | Construir | Farm |
| 17:12 | Construir | Farm |
| 17:13 | Construir | Farm |
| 17:16 | Crear | Villager (Male) |
| 17:20 | Construir | House |
| 17:25 | Construir | Farm |
| 17:26 | Construir | Farm |
| 17:29 | Construir | Farm |
| 17:31 | Crear | Villager (Male) |
| 17:34 | Construir | Farm |
| 17:39 | Construir | Farm |
| 17:42 | Construir | Farm |
| 17:49 | Crear | Villager (Male) |
| 17:51 | Construir | House |
| 18:03 | Construir | Farm |
| 18:10 | Crear | Villager (Male) |
| 18:13 | Crear | Villager (Male) |
| 18:19 | Crear | Villager (Male) |
| 18:21 | Crear | Villager (Male) |
| 18:23 | Construir | House |
| 18:25 | Crear | Villager (Male) |
| 18:46 | Construir | Town Center |
| 18:50 | Crear | Villager (Male) |
| 18:54 | Crear | Villager (Male) |
| 18:57 | Construir | House |
| 18:58 | Construir | House |
| 18:59 | Crear | Villager (Male) ×3 |
| 19:11 | Crear | Villager (Male) |
| 19:16 | Crear | Villager (Male) |
| 19:28 | Crear | Villager (Male) ×2 |
| 19:31 | Construir | House |
| 19:32 | Construir | House |
| 19:33 | Construir | House |
| 19:34 | Construir | House |
| 19:36 | Crear | Villager (Male) ×2 |
| 19:51 | Crear | Villager (Male) |
| 19:59 | Construir | Town Center |
| 20:02 | Crear | Villager (Male) ×3 |
| 20:07 | Crear | Villager (Male) ×2 |
| 20:27 | Investigar | Heavy Plow |
| 20:30 | Crear | Villager (Male) |
| 20:33 | Crear | Villager (Male) |
| 20:39 | Crear | Villager (Male) ×3 |
| 20:42 | Construir | Farm |
| 20:43 | Construir | Farm |
| 20:45 | Construir | Farm |
| 20:46 | Construir | Farm |
| 20:49 | Crear | Villager (Male) ×2 |
| 21:14 | Construir | Mill |
| 21:15 | Construir | Farm |
| 21:15 | Construir | Farm |
| 21:15 | Construir | Farm |
| 21:15 | Construir | Farm |
| 21:16 | Construir | Farm |
| 21:16 | Construir | Farm |
| 21:16 | Construir | Farm |
| 21:16 | Construir | Farm |
| 21:16 | Construir | Farm |
| 21:19 | Crear | Villager (Male) ×5 |
| 21:28 | Crear | Villager (Male) |
| 21:31 | Construir | Farm |
| 21:31 | Construir | Farm |
| 21:32 | Construir | Farm |
| 21:32 | Construir | Farm |
| 21:38 | Crear | Villager (Male) |
| 21:42 | Construir | House |
| 21:44 | Construir | House |
| 21:45 | Construir | House |
| 21:46 | Construir | House |
| 21:47 | Crear | Villager (Male) |
| 21:55 | Crear | Villager (Male) ×4 |
| 21:57 | Crear | Villager (Male) |
| 22:17 | Crear | Villager (Male) |
| 22:35 | Investigar | Hand Cart |
| 22:36 | Crear | Villager (Male) |
| 22:40 | Construir | Mining Camp |
| 22:46 | Construir | Mining Camp |
| 22:54 | Construir | House |
| 22:55 | Construir | House |
| 22:56 | Construir | House |
| 22:57 | Construir | House |
| 22:57 | Construir | House |
| 22:58 | Crear | Villager (Male) ×2 |
| 23:02 | Construir | House |
Cronología de la partida
| 8:18 | Neinkaiser · first_building Barracks |
| 8:57 | Neinkaiser · age_up feudal |
| 9:25 | ikaradayi976 · wall_segment Palisade Wall x4 |
| 9:40 | yesila · first_building Barracks |
| 10:09 | 185 godfish · first_building Barracks |
| 10:12 | 岸边露伴 · first_building Barracks |
| 10:24 | Neinkaiser · first_building Archery Range |
| 10:35 | 执者如旗 · age_up feudal |
| 11:00 | 185 godfish · age_up feudal |
| 11:01 | yesila · age_up feudal |
| 11:02 | 185 godfish · first_building Stable |
| 11:05 | 岸边露伴 · age_up feudal |
| 11:11 | yesila · first_building Archery Range |
| 11:15 | 83716497273 · age_up feudal |
| 11:21 | ikaradayi976 · age_up feudal |
| 11:50 | Dr Janemba · first_market_buy 100 food |
| 14:26 | 83716497273 · age_up castle |
| 14:26 | ikaradayi976 · age_up castle |
| 14:31 | yesila · age_up castle |
| 14:34 | 185 godfish · age_up castle |
| 14:42 | 185 godfish · first_building Monastery |
| 14:56 | Neinkaiser · age_up castle |
| 15:00 | 岸边露伴 · age_up castle |
| 15:03 | 岸边露伴 · first_building Siege Workshop |
| 15:03 | 执者如旗 · age_up castle |
| 15:07 | 执者如旗 · first_building Monastery |
| 15:35 | 岸边露伴 · first_market_sell 100 stone |
| 15:44 | Neinkaiser · first_building Castle |
| 16:47 | ikaradayi976 · first_building Siege Workshop |
| 17:35 | ikaradayi976 · first_building Barracks |
| 17:35 | Dr Janemba · first_building Siege Workshop |
| 19:42 | 执者如旗 · first_market_buy 100 stone |
| 20:15 | Neinkaiser · first_building Siege Workshop |
| 21:34 | 执者如旗 · first_building Siege Workshop |
| 21:49 | 执者如旗 · first_market_sell 500 food |
| 21:57 | Dr Janemba · first_building Monastery |
| 22:00 | 执者如旗 · first_building Castle |
| 23:20 | yesila · wall_segment Stone Wall x7 |
| 24:14 | yesila · first_building Monastery |
| 24:20 | 83716497273 · first_building Barracks |
| 25:17 | 185 godfish · first_building Castle |
| 25:29 | 83716497273 · first_building Stable |
| 25:42 | 83716497273 · first_building Siege Workshop |
| 26:26 | 185 godfish · first_market_buy 100 food |
| 26:28 | yesila · first_building Castle |
| 27:23 | Dr Janemba · first_building Castle |
| 27:42 | 83716497273 · first_building Castle |
| 28:34 | Neinkaiser · wall_segment Stone Wall x1 |
| 28:56 | yesila · wall_segment Stone Wall x2 |
| 29:01 | Neinkaiser · wall_segment Stone Wall x1 |
| 29:38 | 185 godfish · age_up imperial |
| 29:46 | 83716497273 · age_up imperial |
| 29:53 | ikaradayi976 · age_up imperial |
| 29:54 | 185 godfish · first_market_sell 100 wood |
| 29:57 | Dr Janemba · first_building Barracks |
| 30:01 | 83716497273 · first_market_buy 100 stone |
| 30:25 | 83716497273 · first_market_sell 500 wood |
| 30:32 | yesila · age_up imperial |
| 32:34 | Dr Janemba · first_building Stable |
| 33:07 | 执者如旗 · first_building Barracks |
| 33:25 | 岸边露伴 · first_building Castle |
| 33:43 | yesila · first_building Siege Workshop |
| 34:17 | Neinkaiser · wall_segment Stone Wall x1 |
| 36:05 | Neinkaiser · age_up imperial |
| 36:31 | ikaradayi976 · wall_segment Palisade Wall x1 |
| 37:02 | 岸边露伴 · first_building Stable |
| 37:29 | 83716497273 · tribute_sent a jugador 1 |
| 37:29 | 83716497273 · tribute_sent a jugador 2 |
| 37:29 | 83716497273 · tribute_sent a jugador 3 |
| 37:29 | 83716497273 · tribute_sent a jugador 4 |
| 37:30 | 83716497273 · tribute_sent a jugador 5 |
| 37:30 | 83716497273 · tribute_sent a jugador 6 |
| 37:30 | 83716497273 · tribute_sent a jugador 7 |
| 37:49 | 83716497273 · tribute_sent a jugador 1 |
| 37:49 | 83716497273 · tribute_sent a jugador 2 |
| 37:49 | 83716497273 · tribute_sent a jugador 3 |
| 37:49 | 83716497273 · tribute_sent a jugador 4 |
| 37:49 | 83716497273 · tribute_sent a jugador 5 |
| 37:49 | 83716497273 · tribute_sent a jugador 6 |
| 37:49 | 83716497273 · tribute_sent a jugador 7 |
| 38:15 | 岸边露伴 · wall_segment Stone Wall x1 |
| 38:24 | 岸边露伴 · wall_segment Stone Wall x1 |
| 38:37 | 岸边露伴 · wall_segment Stone Wall x1 |
| 38:42 | 岸边露伴 · wall_segment Stone Wall x1 |
| 39:05 | 83716497273 · tribute_sent a jugador 1 |
| 39:05 | 83716497273 · tribute_sent a jugador 2 |
| 39:05 | 83716497273 · tribute_sent a jugador 3 |
| 39:05 | 83716497273 · tribute_sent a jugador 4 |
| 39:05 | 83716497273 · tribute_sent a jugador 5 |
| 39:05 | 83716497273 · tribute_sent a jugador 6 |
| 39:05 | 83716497273 · tribute_sent a jugador 7 |
| 39:12 | yesila · wall_segment Stone Wall x1 |
| 39:30 | 岸边露伴 · wall_segment Stone Wall x1 |
| 39:30 | 83716497273 · tribute_sent a jugador 1 |
| 39:30 | 83716497273 · tribute_sent a jugador 2 |
| 39:30 | 83716497273 · tribute_sent a jugador 3 |
| 39:30 | 83716497273 · tribute_sent a jugador 4 |
| 39:30 | 83716497273 · tribute_sent a jugador 5 |
| 39:30 | 83716497273 · tribute_sent a jugador 6 |
| 39:30 | 83716497273 · tribute_sent a jugador 7 |
| 39:36 | yesila · wall_segment Stone Wall x2 |
| 39:40 | 岸边露伴 · wall_segment Stone Wall x1 |
| 39:42 | 岸边露伴 · wall_segment Stone Wall x1 |
| 39:44 | 岸边露伴 · wall_segment Stone Wall x1 |
| 40:05 | Dr Janemba · wall_segment Stone Wall x4 |
| 41:10 | 83716497273 · tribute_sent a jugador 1 |
| 41:10 | 83716497273 · tribute_sent a jugador 2 |
| 41:10 | 83716497273 · tribute_sent a jugador 3 |
| 41:10 | 83716497273 · tribute_sent a jugador 4 |
| 41:11 | 83716497273 · tribute_sent a jugador 5 |
| 41:11 | 83716497273 · tribute_sent a jugador 6 |
| 41:11 | 83716497273 · tribute_sent a jugador 7 |
| 41:44 | ikaradayi976 · wall_segment Palisade Wall x1 |
| 42:15 | Dr Janemba · resign |
| 42:19 | ikaradayi976 · first_building Castle |
| 42:56 | 执者如旗 · age_up imperial |
| 42:56 | 83716497273 · tribute_sent a jugador 1 |
| 42:56 | 83716497273 · tribute_sent a jugador 2 |
| 42:56 | 83716497273 · tribute_sent a jugador 3 |
| 42:56 | 83716497273 · tribute_sent a jugador 4 |
| 42:56 | 83716497273 · tribute_sent a jugador 5 |
| 42:56 | 83716497273 · tribute_sent a jugador 6 |
| 42:56 | 83716497273 · tribute_sent a jugador 7 |
[ ANÁLISIS IA · 1 CRÉDITO ]
¿Qué pasó realmente en esta partida?
Wolo.gg analiza cada decisión: build order, eco, micro, errores típicos por bracket. Análisis personalizado por WhatsApp o Discord en 30 segundos.
Guía civ
Incas
Perfil
Jugador #714287